 Dungeon Crawl Stone Soup version 0.31.0-12-g77e489cdc1 (webtiles) character file.

Game seed: 12970895693206489463

25 dirge the Ducker (level 2, -1/13 HPs)
             Began as a Felid Air Elementalist on Feb 26, 2024.
             Slain by Sigmund
             ... wielding a +0 scythe
              (13 damage)
             ... on level 2 of the Dungeon.
             The game lasted 00:03:34 (1181 turns).

dirge the Ducker (Felid Air Elementalist)           Turns: 1181, Time: 00:03:34

Health: -1/13      AC:  1    Str:  4    XL:     2   Next: 86%
Magic:  2/6        EV: 17    Int: 24    God:
Gold:   49         SH:  0    Dex: 16    Spells: 2/5 levels left
                                        Lives:  0   Deaths: 1

rFire   . . .        (weapon unavailable)
rCold   . . .        (shield unavailable)
rNeg    . . .        (body armour unavailable)
rPois   .            (helmet unavailable)
rElec   .            (cloak unavailable)
rCorr   .            (gloves unavailable)
SInv    +            (boots unavailable)
Will    .....        (no amulet)
Stlth   ++           i - +6 ring of intelligence
HPRegen 0.22/turn    (no ring)
MPRegen 0.10/turn

%: no passive effects
@: no status effects
A: very small, claws 1, fangs 3, see invisible, shaggy fur 1, stealthy paws, no
weapons or thrown items, no armour, multi-lived
a: no special abilities


You were on level 2 of the Dungeon.
You visited 1 branch of the dungeon, and saw 3 of its levels.

You collected 49 gold pieces.

Inventory:

Jewellery
 i - a +6 ring of intelligence (left paw)
Scrolls
 b - a scroll of identify {unknown}
 d - 2 scrolls of enchant armour {unknown}
 e - a scroll of blinking {unknown}
 h - a scroll of teleportation {unknown}
Potions
 a - a potion of magic
 c - a potion of attraction {unknown}
 f - a potion of curing {unknown}
 g - a potion of heal wounds {unknown}


   Skills:
 + Level 3.1 Dodging
 + Level 3.0 Stealth
 + Level 0.7 Unarmed Combat
 * Level 2.3 Spellcasting
 + Level 1.1 Conjurations
 + Level 2.9 Air Magic


You had 2 spell levels left.
You knew the following spells:

 Your Spells              Type           Power      Damage    Failure   Level
a - Shock                 Conj/Air       48%        1d6       4%          1
b - Static Discharge      Conj/Air       24%        3-4/arc   8%          2

Your spell library contained the following spells:

 Spells                   Type           Power      Damage    Failure   Level
 Swiftness                Air            16%        N/A       11%         3
 Airstrike                Air            8%         2d(2-18)  34%         4


Dungeon Overview and Level Annotations

Branches:
Dungeon (3/15)

Altars:
Xom

Annotations:
D:2 Sigmund


Innate Abilities, Weirdness & Mutations

You have sharp claws.
You have razor-sharp teeth.
You have supernaturally acute eyesight. (SInv)
You are covered in fur. (AC +1)
Your paws help you pounce on unaware monsters.
You are incapable of wielding weapons or throwing items.
You cannot wear armour.
You gain extra lives every three experience levels.


Message History

The orc is severely wounded.
The orc completely misses you.
You scratch the orc.
You kill the orc!
You start resting.
Your magical contamination has completely faded away.
You start resting.
HP restored.
Magic restored.
d - 2 scrolls labelled EBUIV RURY (gained 1)
i - a +6 ring of intelligence You feel clever.
i - a +6 ring of intelligence (left paw)
A kobold comes into view. It is wielding a +0 dagger.
Found a shimmering altar of Xom.
Sigmund the Dreaded comes into view.
He is wielding a +0 scythe.
The kobold shouts!
Sigmund shouts!
Casting: Static Discharge (safe; 8% risk of failure)
Confirm with . or Enter, or press ? or * to list all spells.
Aiming: Shock (safe; 4% risk of failure)
Press: ? - help, Shift-Dir - straight line, f - kobold
Aim: a kobold, wielding a +0 dagger and quivering stones (60% to hit)
The zap hits the kobold.
The kobold is severely wounded.
Casting: Shock (safe; 4% risk of failure)
Confirm with . or Enter, or press ? or * to list all spells.
Aiming: Shock (safe; 4% risk of failure)
Press: ? - help, Shift-Dir - straight line, f/p - kobold
Aim: a kobold, wielding a +0 dagger and quivering stones (severely wounded, 60% to hit)
The zap misses the kobold.
Casting: Shock (safe; 4% risk of failure)
Confirm with . or Enter, or press ? or * to list all spells.
The kobold is struck by an arc of lightning.
You kill the kobold!
You are struck by an arc of lightning.
A quokka comes into view.
Sigmund hits you from afar with a +0 scythe!
Ouch! That really hurt!
You die...
Sigmund begins carving another notch in his scythe.

#.....#....#
#.....#....#
#.....#....#
#.....#.#+##
###....)#.#
#.......).# .
#.#.....###
....###.#######
.......@......#
..............#
.......@.......
......#.....#..
....###.._..# .
.... #.....#
### ..r....
..#...##


You could see Sigmund and a quokka (wandering).

Vanquished Creatures
  A dart slug (D:1)
  An orc (D:2)
  An endoplasm (D:1)
  3 hobgoblins
  A quokka (D:1)
  3 ball pythons
  5 bats
  A frilled lizard (D:1)
  A goblin (D:2)
  6 kobolds
  2 rats (D:1)
25 creatures vanquished.

Notes
Turn   | Place    | Note
-------+----------+-------------------------------------------
     0 | D:1      | dirge the Felid Air Elementalist began the quest for the
                  | Orb.
     0 | D:1      | Reached XP level 1. HP: 9/9 MP: 4/4
   204 | D:1      | Reached skill level 1 in Conjurations
   403 | D:1      | Reached XP level 2. HP: 13/13 MP: 3/6
   964 | D:2      | Noticed a phantom
   984 | D:2      | Slain by a phantom
   984 | D:2      | Lost a life (0 lives remaining)
  1049 | D:2      | Learned a level 2 spell: Static Discharge
  1176 | D:2      | Found a shimmering altar of Xom.
  1177 | D:2      | Noticed Sigmund
  1181 | D:2      | Slain by Sigmund

Illustrated notes

Levels and vault maps discovered:
D:1:      spicycebolla_arrival_ecumenical, layout_loops_ring, minivault_11
D:2:      layout_basic, basic_altar, minmay_pentomino_z4, uniq_sigmund
D:3:      layout_loops_corners, mainiacjoe_overflow_alcove_2,
          nemelex_dance_club_becter, solitary_fountain, uniq_robin

Skill      XL: |  1  2 |
---------------+-------+-----
Conjurations   | 1 |  1.1
Dodging        | 3 |  3.1
Stealth        | 3 |  3.0
Unarmed Combat | |  0.7
Spellcasting   | |  2.3
Air Magic      | |  2.9

Action                     || total
---------------------------++-------
  Melee: Unarmed           ||    33
         Bite              ||     4
   Cast: Shock             ||    42
         Static Discharge  ||     2
   Stab: Sleeping          ||     1
 Armour: Skin              ||    27
  Dodge: Dodged            ||    39
